Cogmind - Beta 13 X1 @@@ ROGUE MODE // 2023.11.11 @ 19:20:40 Player: Terminus Result: Self-destructed Performance ------------- Evolutions (6) 3000 Regions Visited (23) 4600 Robots Destroyed (492) 2460 Value Destroyed (18741) 18741 Prototype IDs (57) 1140 Alien Tech Used (0) 0 Bonus (10229) 10229 TOTAL SCORE: 40170 Bonus ------- Triggered High Security 500 High Alert Combat Kills 8291 Follower Combat Kills 1405 Entered Garrisons 200 Network Hubs Disabled 200 Aligned with FarCom 300 Met Imprinter 300 Built Enhanced Grunts 300 Met R17 at Cetus 500 Friendly Fire -1767 Cogmind --------- Core Integrity 718/1150 Matter 33/300 Energy 340/350 System Corruption 15% Temperature Cool (32) Movement Core (1800) Ox35 Location -4/Factory Parts ------- > --- POWER (1) -------- Quantum Reactor > --- PROPULSION (4) --- (None) > --- UTILITY (10) ----- Huge Storage Unit Improved Signal Interpreter Advanced Terrain Scan Processor Advanced Salvage Targeting Computer Experimental Core Analyzer Advanced Weapon Cycler Centrium Medium Armor Plating > --- WEAPON (4) ------- (None) > --- INVENTORY (25) --- Advanced Terrain Scanner Advanced Transmission Jammer Centrium Medium Armor Plating Force Rifle Advanced Variable Charge Gun Neutron Cannon Coil Gun Advanced KE Penetrator Advanced KE Penetrator Advanced KE Penetrator Advanced KE Penetrator 8R-AWN's Boregun 8R-AWN's Boregun Improved Remote Datajack Peak State ------------ > --- POWER ------------ Quantum Reactor > --- PROPULSION ------- Centrium Heavy Treads Centrium Heavy Treads > --- UTILITY ---------- Experimental Cooling System Huge Storage Unit Improved Signal Interpreter Advanced Terrain Scan Processor Advanced Salvage Targeting Computer Experimental Targeting Computer Experimental Core Analyzer Advanced Weapon Cycler Centrium Medium Armor Plating Medium Regenerative Plating > --- WEAPON ----------- Railgun Advanced KE Penetrator Advanced KE Penetrator Advanced KE Penetrator > --- INVENTORY -------- Quantum Reactor Quantum Reactor Centrium Heavy Treads Centrium Heavy Treads Experimental Cooling System Advanced Matter Compressor Advanced Sensor Array Advanced Terrain Scanner Advanced Transmission Jammer Centrium Medium Armor Plating Centrium Medium Armor Plating Long-range Tractor Beam Force Rifle Advanced Variable Charge Gun Neutron Cannon Advanced KE Penetrator Advanced KE Penetrator Advanced KE Penetrator 8R-AWN's Boregun 8R-AWN's Boregun Mini Smartbomb Launcher Improved Remote Datajack [Rating: 156] Favorites ----------- Power Reinforced Fission Core Engine Improved Ion Engine Power Core Reinforced Fission Core Reactor Antimatter Reactor Propulsion Light Treads Treads Light Treads Leg Aluminum Leg Wheel Wheel Utility Huge Storage Unit Device Cooling System Storage Huge Storage Unit Processor Experimental Targeting Computer Hackware Hacking Suite Protection Medium Armor Plating Weapon Improved EM Shotgun Energy Gun Improved EM Shotgun Energy Cannon Ion Burst Cannon Ballistic Gun Gauss Rifle Launcher Mini Smartbomb Launcher Special Weapon Plasma Cutter Slashing Weapon Makeshift Axe Piercing Weapon Spear Build | -11 -10 -10 -9 -9 -9 -8 -8 -8 -8 -7 -6 -6 -6 -6 -6 -6 -5 -5 -5 -5 -5 -5 -4 ------- Run | Jun Mat Min Mat Min Exi Min Mat Gar Mat Fac Fac Was Fac Low Low Zio Pro Fac Ext Cet Arc Hub Fac Slots Evolved 12 | . . . 2 . . . 2 . . 2 2 . . . . . . 2 . . . . 2 Power . | . . . . . . . . . . . . . . . . . . . . . . . . Propulsion 2 | . . . . . . . 1 . . 1 . . . . . . . . . . . . . Utility 8 | . . . 1 . . . 1 . . 1 1 . . . . . . 2 . . . . 2 Weapon 2 | . . . 1 . . . . . . . 1 . . . . . . . . . . . . Parts Attached 361 | 6 15 3 13 4 31 2 29 21 8 45 35 10 3 7 5 11 3 8 9 19 11 1 62 Power 16 | 1 3 1 1 . 2 . 1 . . . 1 1 . . . . 1 . 1 1 . . 2 Engine 9 | 1 3 1 1 . 1 . . . . . 1 . . . . . 1 . . . . . . Core 2 | . . . . . . . 1 . . . . . . . . . . . 1 . . . . Reactor 5 | . . . . . 1 . . . . . . 1 . . . . . . . 1 . . 2 Propulsion 50 | 2 4 . 3 1 5 1 4 2 2 6 5 6 . . . . . . . 5 . . 4 Treads 38 | . 1 . 1 . 4 1 4 2 2 6 2 6 . . . . . . . 5 . . 4 Leg 2 | 2 . . . . . . . . . . . . . . . . . . . . . . . Wheel 10 | . 3 . 2 1 1 . . . . . 3 . . . . . . . . . . . . Hover . | . . . . . . . . . . . . . . . . . . . . . . . . Flight . | . . . . . . . . . . . . . . . . . . . . . . . . Utility 166 | 1 4 . 3 . 10 1 8 8 2 23 19 3 3 5 5 2 2 6 4 7 6 1 43 Device 106 | . . . 1 . 4 . 1 5 1 20 16 1 2 4 5 . 2 4 4 4 4 1 27 Storage 6 | 1 3 . . . . . . . . 1 . . . . . . . . . . 1 . . Processor 9 | . . . . . 2 . . . . 1 . 2 . . . 1 . 1 . 1 . . 1 Hackware 3 | . . . . . . . 2 . . . . . . . . . . 1 . . . . . Protection 42 | . 1 . 2 . 4 1 5 3 1 1 3 . 1 1 . 1 . . . 2 1 . 15 Artifact . | . . . . . . . . . . . . . . . . . . . . . . . . Weapon 129 | 2 4 2 6 3 14 . 16 11 4 16 10 . . 2 . 9 . 2 4 6 5 . 13 Energy Gun 26 | 1 4 1 5 2 3 . 7 . . 1 . . . . . . . . . . 2 . . Energy Cannon 2 | . . . . . . . . . . 2 . . . . . . . . . . . . . Ballistic Gun 80 | 1 . . 1 . 7 . 9 8 3 9 8 . . 2 . 9 . 1 4 6 3 . 9 Ballistic Cannon . | . . . . . . . . . . . . . . . . . . . . . . . . Launcher 14 | . . 1 . 1 1 . . 1 1 3 2 . . . . . . 1 . . . . 3 Special Weapon 3 | . . . . . 2 . . . . . . . . . . . . . . . . . 1 Impact Weapon . | . . . . . . . . . . . . . . . . . . . . . . . . Slashing Weapon 1 | . . . . . 1 . . . . . . . . . . . . . . . . . . Piercing Weapon 3 | . . . . . . . . 2 . 1 . . . . . . . . . . . . . Special Melee Weapon . | . . . . . . . . . . . . . . . . . . . . . . . . Unidentified Prototypes 24 | . 1 . 2 . 5 . 1 1 . 7 . . . . . . . 1 . 4 2 . . Corrupted Parts 6 | . . 1 . . . . . . 1 . . 1 . . . . . . . 3 . . . System Corruption 27 | . . 6 . . . . . . 10 . . 5 . . . . . . . 6 . . . Parts Lost 64 | . 4 . . 1 7 1 2 7 3 7 8 . . . . 1 . . . 2 . 1 20 Power 8 | . 2 . . . 1 . . . . . 1 . . . . 1 . . . 1 . . 2 Propulsion 17 | . 2 . . . 2 . . 2 1 3 3 . . . . . . . . . . . 4 Utility 19 | . . . . . 1 1 2 1 1 2 2 . . . . . . . . . . 1 8 Weapon 20 | . . . . 1 3 . . 4 1 2 2 . . . . . . . . 1 . . 6 Highest Loss Streak 10 | . 2 . . 1 5 1 1 3 2 7 4 . . . . 1 . . . 2 . 1 10 To Critical Strikes 5 | . . . . . 3 . . 1 . . . . . . . . . . . . . . 1 Average Slot Usage (%) 95 | . 92 100 99 99 99 99 99 99 99 99 97 89 85 86 86 83 86 88 88 88 88 87 86 Engine 4 | . 13 14 11 11 9 . . . . . 4 3 . . . . 6 5 . . . . . Core 2 | . . . . . . . 5 9 9 7 1 . . . . . . . 4 3 . . . Reactor 2 | . . . . . 1 11 3 . . . . 3 6 6 6 6 . . . 1 5 5 4 Treads 16 | . . 14 11 11 12 11 23 27 26 30 21 12 13 13 13 13 13 11 11 11 11 11 9 Wheel 4 | . 14 14 10 11 9 11 3 . . . 2 3 . . . . . . . . . . . Device 8 | . . . 11 11 1 11 9 9 9 7 12 13 13 13 13 13 13 11 11 5 5 7 12 Storage 8 | . 14 14 11 11 11 11 9 9 9 7 6 6 6 6 6 6 6 5 5 5 5 5 5 Processor 6 | . . . . . 6 . . . . 6 6 17 13 13 13 13 13 17 17 23 23 23 25 Hackware 2 | . . . . . . . 1 9 9 7 6 1 . . . . . 5 5 5 5 3 . Protection 9 | . 9 14 10 11 14 10 16 8 8 7 5 . 5 6 6 6 6 5 5 5 5 5 7 Energy Gun 11 | . 23 27 32 32 9 22 15 . . . . . . . . . . . . . . . . Ballistic Gun 15 | . 4 . . . 11 11 11 26 26 22 25 26 26 26 26 23 26 23 23 23 22 23 17 Naked Turns . | . . . . . . . . . . . . . . . . . . . . . . . . Heaviest Build 149 | 13 98 98 105 105 121 110 122 121 126 129 138 118 125 125 124 130 120 120 125 133 134 134 149 Greatest Support 160 | 20 20 10 10 10 40 16 64 64 67 95 103 140 140 140 140 140 140 140 140 160 160 160 160 Greatest Overweight (x) 12 | . 9 9 10 10 10 6 7 1 2 1 12 4 . . . . . . . 1 . . . Average Overweight (x) 3 | . 4 9 10 10 8 6 3 1 1 1 2 1 . . . . . . . . . . . Largest Inventory Capacity 25 | 8 25 25 25 25 25 25 25 25 25 25 25 25 25 25 25 25 25 25 25 25 25 25 25 Average Capacity 24 | 7 20 25 25 25 25 25 25 25 25 25 25 25 25 25 25 25 25 25 25 25 25 25 25 Most Carried 25 | 2 19 21 25 25 25 25 25 25 25 25 25 25 25 25 25 25 25 25 25 25 25 25 25 Average Carried 23 | 1 11 19 24 24 23 24 24 24 24 24 24 24 24 25 25 25 24 23 24 24 25 24 22 Final Capacity 25 | 8 25 25 25 25 25 25 25 25 25 25 25 25 25 25 25 25 25 25 25 25 25 25 25 Final Carried 25 | 2 19 21 25 25 25 25 25 25 23 24 25 25 25 25 25 25 25 25 25 25 25 25 14 Class Distribution -------------------- 35% | Tank 28% | Scavenger-Gunner 16% | Mutant 10% | Scavenger-Tank 4% | Scavenger-Mutant Dominant Class ---------------- Mutant | -10/Materials Mutant | -10/Mines Tank | -9/Materials Tank | -9/Mines Mutant | -9/Exiles Tank | -8/Mines Scavenger-Tank | -8/Materials Tank | -8/Garrison Tank | -8/Materials Scavenger-Gunner | -7/Factory Scavenger-Gunner | -6/Factory Scavenger-Gunner | -6/Waste Scavenger-Gunner | -6/Factory Scavenger-Gunner | -6/Lower Caves Scavenger-Gunner | -6/Lower Caves Scavenger-Gunner | -6/Zion Scavenger-Gunner | -5/Proximity Caves Scavenger-Gunner | -5/Factory Scavenger-Gunner | -5/Extension Commander-Gunner | -5/Cetus Scavenger-Gunner | -5/Archives Scavenger-Gunner | -5/Hub_04(d) Scavenger-Gunner | -4/Factory Resources | -11 -10 -10 -9 -9 -9 -8 -8 -8 -8 -7 -6 -6 -6 -6 -6 -6 -5 -5 -5 -5 -5 -5 -4 ----------- Run | Jun Mat Min Mat Min Exi Min Mat Gar Mat Fac Fac Was Fac Low Low Zio Pro Fac Ext Cet Arc Hub Fac Matter Collected 15633 | 252 177 53 180 101 797 515 719 753 625 1748 2081 828 . 358 335 56 197 277 373 606 214 225 4163 Remotely 4631 | . . . . . . . . . . 714 992 . . . . . . . . 229 . . 2696 Salvage Created 23875 | 91 655 252 1370 232 647 596 1780 817 1139 1997 2864 1712 . 322 319 52 129 718 576 808 312 965 5522 Parts 1188 | 2 37 23 77 17 83 25 126 31 66 88 128 34 . 15 10 . 15 36 34 49 14 42 236 Haulers Intercepted 22 | . 2 . 4 . . . 4 1 2 3 3 . . . . . . 1 . . . 1 1 Recyclers Shooed 14 | . . . . . . . 2 . 2 2 6 . . . . . . . 2 . . . . Parts Field Recycled . | . . . . . . . . . . . . . . . . . . . . . . . . Retrieved Matter . | . . . . . . . . . . . . . . . . . . . . . . . . Parts Self-Destructed 39 | . . . . . . . . . . . . . . 15 9 . 15 . . . . . . Prevented . | . . . . . . . . . . . . . . . . . . . . . . . . Kills | -11 -10 -10 -9 -9 -9 -8 -8 -8 -8 -7 -6 -6 -6 -6 -6 -6 -5 -5 -5 -5 -5 -5 -4 ------- Run | Jun Mat Min Mat Min Exi Min Mat Gar Mat Fac Fac Was Fac Low Low Zio Pro Fac Ext Cet Arc Hub Fac Combat Hostiles Destroyed 365 | . 14 11 12 9 6 13 30 17 22 22 32 6 . 5 6 1 4 5 11 13 3 7 116 Guns 252 | . 12 10 11 5 2 11 29 13 15 19 26 6 . 5 6 1 4 5 11 13 3 7 38 AOE 109 | . 2 1 . 4 4 . . 4 7 3 6 . . . . . . . . . . . 78 Classes Destroyed 26 | 1 7 . 3 . 3 1 1 . 2 2 . 1 . . 1 . 1 . 1 . . 1 1 Worker 26 | . 1 . . 1 . . 2 . . 6 7 . . . . . . 3 . . . 5 1 Builder 21 | . 1 . 2 . . . 2 . 1 5 2 . . . . . . 1 . . . 1 6 Tunneler 3 | . . . 1 1 . . . . . . . . . . . . . . . . . . 1 Hauler 22 | . 2 . 4 . . . 4 1 2 3 3 . . . . . . 1 . . . 1 1 Recycler 22 | 1 . . 4 . . 1 1 . . 6 5 . . . . . . 2 . . . 1 1 Mechanic 11 | . . . 1 . . . 1 . 1 . . . . . . . . . . . . . 8 Operator 7 | . 1 . . . . . 1 . . . 1 . . . . . . . 1 . 1 . 2 Drone 2 | . . . . . . . . . . . . . . . . . 2 . . . . . . Turret 1 | . . . . . 1 . . . . . . . . . . . . . . . . . . Watcher 23 | . 2 . 4 . . . 5 . 3 3 2 . . . . . . 1 . 1 . . 2 Swarmer 62 | . 6 9 1 6 . 4 10 4 2 . 3 . . . 3 . . . 4 6 . . 4 Saboteur 5 | . . . . . . . . . . . . . . . . . . . . . . . 5 Grunt 144 | . 8 2 3 3 . 8 10 13 10 8 15 . . 4 2 . . 4 3 2 . 3 46 Brawler 11 | . . . . . . 1 . . 2 . 2 . . . . . . . . . . . 6 Duelist 9 | . . . . . . . . . 2 1 1 . . 1 . . . . . . . 1 3 Protector 9 | . . . . . . . . . 1 1 1 . . . . . . . . . . . 6 Sentry 31 | . . . 8 . . . 9 . 4 . 2 . . . 1 . . . 1 . 3 1 2 Specialist 2 | . . . . . . . . . . 1 . . . . . . . . . . . 1 . Hunter 41 | . . . . . . . 1 . 1 6 7 . . . . . 2 1 1 . . . 22 Programmer 27 | . . . . . . . . . . 5 1 . . . . . . . . . . . 21 Heavy 1 | . . . . . . . . . . . . . . . . . . . . . . 1 . Behemoth 3 | . . . . . . . . . . . . . . . . . . . 2 . . . 1 Compactor 6 | . . . . . . . . . . . . 6 . . . . . . . . . . . Cetus Guard 5 | . . . . . . . . . . . . . . . . . . . . 5 . . . Enhanced Grunt 1 | . . . . . . . . . . . . . . . . . . . . . . 1 . Zionite 9 | . . . . . 9 . . . . . . . . . . . . . . . . . . Samaritan 1 | . . . . . . . . . . . . . . . 1 . . . . . . . . Assembled 5 | . . . . . 5 . . . . . . . . . . . . . . . . . . Butcher 1 | . . . . . . . . . . . . . . . . 1 . . . . . . . Best Kill Streak 19 | 1 7 3 5 6 5 4 5 4 11 8 11 5 . 3 3 1 2 7 3 5 2 7 19 Combat Bots Only 17 | . 6 3 2 4 5 4 5 4 9 5 7 5 . 3 3 1 2 4 3 5 2 4 17 Max Kills in Single Turn 5 | 1 3 2 2 2 3 2 2 4 3 3 3 1 . 2 2 1 1 3 3 2 1 5 5 Gunslinging 1 | . . 1 . . . 1 . 1 . . 1 . . . 1 . . . 1 1 . . 1 Exploded 4 | . 1 1 . 2 2 . . 4 2 2 2 . . . . . . . . . . . 4 Melee . | . . . . . . . . . . . . . . . . . . . . . . . . Uniques/NPCs Destroyed 5 | . . . . . 4 . . . . . . . . . . . . . . 1 . . . 8R-AWN (-9/Exiles) EX-HEX (-9/Exiles) EX-BIN (-9/Exiles) EX-DEC (-9/Exiles) A7 (-5/Cetus) Combat | -11 -10 -10 -9 -9 -9 -8 -8 -8 -8 -7 -6 -6 -6 -6 -6 -6 -5 -5 -5 -5 -5 -5 -4 -------- Run | Jun Mat Min Mat Min Exi Min Mat Gar Mat Fac Fac Was Fac Low Low Zio Pro Fac Ext Cet Arc Hub Fac Damage Taken 19183 | . 682 96 187 118 1040 394 1053 1300 881 1684 2027 . . 136 148 301 118 164 143 1308 . 340 7063 Core 1244 | . 152 7 14 15 99 17 95 135 47 110 68 . . . . . . . . 53 . . 432 Absorbed by Shields 1244 | . . . . . . . . 73 139 405 506 . . . . . . . 58 63 . . . Reduced by Siege Mode 659 | . . . . . . . . . . . . . . 21 5 . 4 10 . 75 . . 544 Regen/Repaired (Parts) 2309 | . . . 204 . . . 317 . . . . . . . . 1164 . . . 108 130 121 265 Core Remaining (%) 74 | 100 . 36 . . . 63 . . 49 84 . . . . . . 92 . . . . 94 . Volleys Fired 892 | 3 57 14 36 11 70 28 83 59 54 84 97 22 . 10 14 2 5 12 18 25 6 17 165 Largest 4 | 2 2 2 3 3 3 3 3 3 3 3 4 4 . 4 4 4 4 4 4 4 4 4 4 Hottest 157 | 70 90 90 135 157 69 135 135 79 85 101 129 122 . 114 114 122 122 122 127 134 138 138 140 Shots Fired 2557 | 6 107 25 108 21 157 84 249 161 151 228 355 84 . 40 54 8 20 48 72 98 24 68 389 Gun 2445 | 6 107 22 108 15 151 84 249 160 145 225 349 84 . 40 54 8 20 48 72 98 24 68 308 Cannon . | . . . . . . . . . . . . . . . . . . . . . . . . Launcher 111 | . . 3 . 6 6 . . 1 6 3 6 . . . . . . . . . . . 80 Special 1 | . . . . . . . . . . . . . . . . . . . . . . . 1 Kinetic 2037 | 3 31 . . . 149 28 123 160 145 225 349 84 . 40 54 8 20 48 72 98 24 68 308 Thermal 229 | 3 38 . . 6 . 56 126 . . . . . . . . . . . . . . . . Explosive 111 | . . 3 . 6 6 . . 1 6 3 6 . . . . . . . . . . . 80 Electromagnetic 179 | . 38 22 108 9 2 . . . . . . . . . . . . . . . . . . Robot Hit Streak 44 | 2 13 12 10 12 25 11 19 14 14 25 17 20 . 16 11 5 11 26 19 37 7 30 44 Robot Miss Streak 6 | 1 6 3 4 2 5 3 2 2 5 5 5 1 . 1 1 1 . 1 2 2 1 2 4 Penetration Max 2 | . . . . . 1 . . . 1 2 1 . . 1 . . . 1 1 1 1 1 1 Secondary Targets 43 | . . 3 . 2 . 2 4 3 1 1 6 2 . . 1 . . . 1 9 . . 8 Max Gunslinging Chain 2 | . . 1 . 1 . 1 1 1 1 1 1 1 . . 1 . . . 1 2 . . 1 Shots Hit Robots 1714 | 3 73 15 73 13 102 57 166 107 100 159 235 69 . 28 20 5 10 37 53 85 18 46 240 Core Hits 1166 | 2 34 13 48 16 45 24 74 41 58 85 120 19 . 15 11 2 8 26 27 44 9 35 410 Critical Kills 52 | . . . . . 5 . . . 3 5 10 2 . 1 1 . 1 1 1 1 1 2 18 Critical Parts Destroyed 90 | . . . . . 11 . . 2 1 12 21 1 . 3 1 1 . 1 3 4 2 3 24 Critical Strikes 165 | . 3 . . . 16 11 5 2 4 17 31 5 . 4 2 1 1 2 4 5 3 5 44 Burn 19 | . 3 . . . . 11 5 . . . . . . . . . . . . . . . . Destroy 146 | . . . . . 16 . . 2 4 17 31 5 . 4 2 1 1 2 4 5 3 5 44 Melee Attacks 10 | . . . . . 6 . . 4 . . . . . . . . . . . . . . . Impact . | . . . . . . . . . . . . . . . . . . . . . . . . Slashing 6 | . . . . . 6 . . . . . . . . . . . . . . . . . . Piercing 4 | . . . . . . . . 4 . . . . . . . . . . . . . . . Sneak Attacks . | . . . . . . . . . . . . . . . . . . . . . . . . Combat Hostiles . | . . . . . . . . . . . . . . . . . . . . . . . . Follow-up Attacks . | . . . . . . . . . . . . . . . . . . . . . . . . Damage Inflicted 57858 | 30 1208 325 1493 545 2215 873 2680 2057 2923 4356 5961 1579 . 591 418 113 164 998 1243 2435 649 1855 23147 Guns 35799 | 30 949 210 1293 206 1691 873 2602 1792 1885 3813 4746 1579 . 591 418 106 164 998 1229 2435 649 1387 6153 Cannons . | . . . . . . . . . . . . . . . . . . . . . . . . Explosions 21756 | . 259 115 200 339 412 . . 265 1034 469 1215 . . . . . . . . . . 468 16980 Melee 112 | . . . . . 112 . . . . . . . . . . . . . . . . . . Ramming 191 | . . . . . . . 78 . 4 74 . . . . . 7 . . 14 . . . 14 Kinetic 31386 | 17 159 . . . 1691 310 1264 1792 1885 3813 4746 1579 . 591 418 106 164 998 1229 2435 649 1387 6153 Thermal 2765 | 13 551 . 200 58 . 563 1338 . . . . . . . . . . . . . . . 42 Explosive 20787 | . . 115 . 339 412 . . 265 1034 469 1215 . . . . . . . . . . . 16938 Electromagnetic 2617 | . 498 210 1293 148 . . . . . . . . . . . . . . . . . 468 . Impact . | . . . . . . . . . . . . . . . . . . . . . . . . Slashing 112 | . . . . . 112 . . . . . . . . . . . . . . . . . . Piercing . | . . . . . . . . . . . . . . . . . . . . . . . . Highest Corruption 28 | . 2 8 . . . . . . 10 11 2 28 28 28 28 28 . . . 6 6 1 15 Average Corruption 10 | . 1 3 . . . . . . 10 3 1 17 28 28 28 28 . . . 5 3 1 2 Corruption Purged 6 | . . . . . . . . . . . . . . . . . . . . . 6 . . Corruption Blocked . | . . . . . . . . . . . . . . . . . . . . . . . . Effects 210 | . 5 24 . . . . . . . 29 8 14 16 33 40 5 . . . 15 5 . 16 Message Errors 56 | . 2 10 . . . . . . . 10 2 3 5 9 7 1 . . . 2 2 . 3 Matter Fused 43 | . 2 4 . . . . . . . 6 3 2 5 5 5 2 . . . 5 1 . 3 Heat Flow Errors 27 | . . 2 . . . . . . . 5 . 1 1 5 7 1 . . . 3 . . 2 Energy Discharges 19 | . . 3 . . . . . . . 3 2 1 2 3 2 1 . . . . 1 . 1 Parts Rejected 3 | . . . . . . . . . . . . 1 . 1 . . . . . . . . 1 Parts Fused 2 | . . 2 . . . . . . . . . . . . . . . . . . . . . Data Loss (minor) 24 | . 1 3 . . . . . . . 2 1 2 2 3 7 . . . . 2 . . 1 Data Loss (major) 9 | . . . . . . . . . . 2 . . . 2 3 . . . . 1 1 . . Misfires 8 | . . . . . . . . . . . . . . 2 3 . . . . . . . 3 Alerts 3 | . . . . . . . . . . . . . 1 1 1 . . . . . . . . Weapon Failures 16 | . . . . . . . . . . 1 . 4 . 2 5 . . . . 2 . . 2 Overload Shots . | . . . . . . . . . . . . . . . . . . . . . . . . Overflow Damage 424 | . . 37 4 25 2 . . 19 36 18 . . . . . . . . . . . . 283 Projectiles . | . . . . . . . . . . . . . . . . . . . . . . . . Explosions 411 | . . 37 4 25 2 . . 19 36 5 . . . . . . . . . . . . 283 Melee 13 | . . . . . . . . . . 13 . . . . . . . . . . . . . Knockbacks 2 | . . . . . . . . . . 1 . . . . . . . . 1 . . . . Impact 2 | . . . . . . . . . . 1 . . . . . . . . 1 . . . . Kinetic . | . . . . . . . . . . . . . . . . . . . . . . . . Secondary . | . . . . . . . . . . . . . . . . . . . . . . . . Self-Inflicted Damage 707 | . . . . 40 123 . . 51 . 121 27 . . . . . . . . . . 71 274 Shots 20 | . . . . 1 3 . . 1 . 3 2 . . . . . . . . . . 1 9 Rammed 18 | . . . . . . . 5 . 2 7 . . . . . 1 . . 2 . . . 1 Targets Rammed 19 | . . . . . . . 5 . 2 8 . . . . . 1 . . 2 . . . 1 Kicked . | . . . . . . . . . . . . . . . . . . . . . . . . Crushed 1 | . . . . . . . . . . 1 . . . . . . . . . . . . . Highest Temperature 317 | 70 294 153 42 72 96 45 171 15 199 312 4 178 232 119 237 241 . 4 . 176 126 . 317 Average Temperature 62 | 41 128 51 10 35 23 17 43 4 63 68 4 118 140 42 97 127 . 4 . 100 66 . 62 Received Heat Transfer 3132 | . 243 . 84 27 . 207 477 594 255 108 242 . . 45 27 . . 54 17 102 . 21 629 Effects 4 | . 2 . . . . . . . . 2 . . . . . . . . . . . . . Energy Bleed 1 | . . . . . . . . . . 1 . . . . . . . . . . . . . Interference 3 | . 2 . . . . . . . . 1 . . . . . . . . . . . . . Siege Activations 39 | . . . . . . . . . . . . 1 . 3 2 . 1 3 5 3 . 2 19 Total Turns 801 | . . . . . . . . . . . . 7 . 43 26 . 6 30 40 55 . 47 547 Longest Duration 80 | . . . . . . . . . . . . 7 . 19 13 . 6 19 22 42 . 35 80 Robots Corrupted 1 | . . . 1 . . . . . . . . . . . . . . . . . . . . Combat Hostiles 1 | . . . 1 . . . . . . . . . . . . . . . . . . . . Parts Fried 18 | . 4 1 10 . . . . . . . . . . . . . . . . . . 3 . Impact Corruptions 1 | . . . . . . . . . . 1 . . . . . . . . . . . . . Robots Melted 3 | . . . . . . 2 1 . . . . . . . . . . . . . . . . Combat Hostiles 3 | . . . . . . 2 1 . . . . . . . . . . . . . . . . Parts Melted 14 | . . . . 1 . 8 5 . . . . . . . . . . . . . . . . Heat Transferred 7778 | 37 1436 . 150 148 . 2257 3700 . . . . . . . . . . . . . . . 50 Parts Sabotaged 6 | . . . . . . . . . . . 2 . . . . . . . . . . . 4 Parts Stolen . | . . . . . . . . . . . . . . . . . . . . . . . . Parts Stripped . | . . . . . . . . . . . . . . . . . . . . . . . . Power Chain Reactions 10 | . 4 1 5 . . . . . . . . . . . . . . . . . . . . Missiles Intercepted . | . . . . . . . . . . . . . . . . . . . . . . . . Alert | -11 -10 -10 -9 -9 -9 -8 -8 -8 -8 -7 -6 -6 -6 -6 -6 -6 -5 -5 -5 -5 -5 -5 -4 ------- Run | Jun Mat Min Mat Min Exi Min Mat Gar Mat Fac Fac Was Fac Low Low Zio Pro Fac Ext Cet Arc Hub Fac Peak Influence 3669 | 5 263 203 209 277 . 170 365 1028 1042 678 921 284 198 . . . . 329 467 879 565 1310 3669 Initial 641 | . 3 10 1 56 . . . 55 501 473 245 284 198 . . . . 150 161 198 331 197 641 Average 358 | 1 133 97 122 78 . 55 85 408 838 430 543 284 198 . . . . 240 265 547 475 556 1858 Maximum Alert Level 5 | . 1 1 1 1 . . 1 3 3 2 3 1 . . . . . 1 2 3 2 4 5 Low Security (%) 53 | 100 76 98 95 80 . 100 94 30 . . . . 100 . . . . 34 40 6 . 23 . Level 1 17 | . 23 1 4 19 . . 5 15 . 52 25 100 . . . . . 65 49 26 4 26 . Level 2 14 | . . . . . . . . 34 23 47 42 . . . . . . . 10 33 95 14 3 Level 3 10 | . . . . . . . . 19 76 . 31 . . . . . . . . 33 . 32 27 Level 4 . | . . . . . . . . . . . . . . . . . . . . . . 3 11 Level 5 . | . . . . . . . . . . . . . . . . . . . . . . . 3 High Security 3 | . . . . . . . . . . . . . . . . . . . . . . . 53 Max Security . | . . . . . . . . . . . . . . . . . . . . . . . . Squads Dispatched 78 | . 5 . 2 . . 1 2 . 4 7 15 . . . . . . 4 1 . . 4 33 Investigation 8 | . 3 . 1 . . . 1 . . 1 2 . . . . . . . . . . . . Extermination 6 | . . . . . . . . . . 4 1 . . . . . . . . . . . 1 Reinforcement 23 | . 2 . 1 . . 1 1 . 1 2 6 . . . . . . 1 1 . . 3 4 Assault 31 | . . . . . . . . . 3 . 3 . . . . . . . . . . 1 24 Garrison 10 | . . . . . . . . . . . 3 . . . . . . 3 . . . . 4 Intercept . | . . . . . . . . . . . . . . . . . . . . . . . . Searches Triggered . | . . . . . . . . . . . . . . . . . . . . . . . . Construction Impeded 6 | . . . . . . 1 . . . . 2 . . . . . . . . . . 1 2 Haulers Reinforced 4 | . . . . . . . . . . . 2 . . . . . . 1 . . . . 1 Active Scanning Responses . | . . . . . . . . . . . . . . . . . . . . . . . . Cargo Convoy Interrupts 1 | . . . . . . . . . . 1 . . . . . . . . . . . . . Stealth | -11 -10 -10 -9 -9 -9 -8 -8 -8 -8 -7 -6 -6 -6 -6 -6 -6 -5 -5 -5 -5 -5 -5 -4 --------- Run | Jun Mat Min Mat Min Exi Min Mat Gar Mat Fac Fac Was Fac Low Low Zio Pro Fac Ext Cet Arc Hub Fac Distress Signals 33 | . 2 . 3 . . . 4 . 1 3 4 . . . . . 1 2 6 2 . 1 4 Communications Jammed . | . . . . . . . . . . . . . . . . . . . . . . . . Distress Signals . | . . . . . . . . . . . . . . . . . . . . . . . . Times Spotted 533 | . 23 10 22 9 24 12 40 20 42 41 42 6 . 5 6 2 4 6 24 21 7 17 150 Peak Tracking Total 16 | . 5 3 3 3 9 3 6 4 5 11 7 2 . 3 3 1 3 2 6 5 1 5 16 Tactical Retreats 25 | . 3 1 1 . 4 2 2 1 3 2 3 . . . . . . . 2 . . . 1 Traps | -11 -10 -10 -9 -9 -9 -8 -8 -8 -8 -7 -6 -6 -6 -6 -6 -6 -5 -5 -5 -5 -5 -5 -4 ------- Run | Jun Mat Min Mat Min Exi Min Mat Gar Mat Fac Fac Was Fac Low Low Zio Pro Fac Ext Cet Arc Hub Fac Traps Triggered 15 | . 4 . 1 . . . . 4 . 3 2 . . . . . . . . . . . 1 Indirectly . | . . . . . . . . . . . . . . . . . . . . . . . . Trap Hack Attempts . | . . . . . . . . . . . . . . . . . . . . . . . . Triggered . | . . . . . . . . . . . . . . . . . . . . . . . . Disarmed . | . . . . . . . . . . . . . . . . . . . . . . . . Reprogrammed . | . . . . . . . . . . . . . . . . . . . . . . . . Reused . | . . . . . . . . . . . . . . . . . . . . . . . . Traps Extracted . | . . . . . . . . . . . . . . . . . . . . . . . . Installed . | . . . . . . . . . . . . . . . . . . . . . . . . Triggered 1 | . . 1 . . . . . . . . . . . . . . . . . . . . . Machines | -11 -10 -10 -9 -9 -9 -8 -8 -8 -8 -7 -6 -6 -6 -6 -6 -6 -5 -5 -5 -5 -5 -5 -4 ---------- Run | Jun Mat Min Mat Min Exi Min Mat Gar Mat Fac Fac Was Fac Low Low Zio Pro Fac Ext Cet Arc Hub Fac Machines Disabled 56 | . . 2 . . 12 1 . . 5 2 3 . . . . . . . 2 1 3 6 19 Max in Single Turn 9 | . . 1 . . 1 1 . . 2 1 1 . . . . . . . 1 1 1 4 9 Network Hub 1 | . . . . . . . . . . . . . . . . . . . . . . 1 . Energy Cycler 1 | . . . . . . . . . . . . . . . . . . . 1 . . . . Machines Repaired . | . . . . . . . . . . . . . . . . . . . . . . . . Machines Sabotaged . | . . . . . . . . . . . . . . . . . . . . . . . . Overloaded Fab Kills . | . . . . . . . . . . . . . . . . . . . . . . . . Hacking | -11 -10 -10 -9 -9 -9 -8 -8 -8 -8 -7 -6 -6 -6 -6 -6 -6 -5 -5 -5 -5 -5 -5 -4 --------- Run | Jun Mat Min Mat Min Exi Min Mat Gar Mat Fac Fac Was Fac Low Low Zio Pro Fac Ext Cet Arc Hub Fac Machines Accessed 57 | . 5 . 12 . 2 . 14 4 4 2 3 . . 2 . . . 1 3 . . 3 2 Terminals 40 | . 4 . 10 . . . 10 4 2 1 1 . . . . . . 1 3 . . 3 1 Fabricators 3 | . . . . . . . . . . . 2 . . . . . . . . . . . 1 Repair Stations 5 | . . . 2 . . . 2 . 1 . . . . . . . . . . . . . . Recycling Units 1 | . 1 . . . . . . . . . . . . . . . . . . . . . . Scanalyzers 3 | . . . . . . . 1 . 1 1 . . . . . . . . . . . . . Garrison Access 1 | . . . . . . . 1 . . . . . . . . . . . . . . . . Total Hacks 165 | . 9 . 42 . 5 . 47 6 16 5 10 . . 5 . . . 2 9 . . 6 3 Successful 106 | . 2 . 26 . 5 . 30 3 13 4 4 . . 5 . . . 1 6 . . 5 2 Failed 59 | . 7 . 16 . . . 17 3 3 1 6 . . . . . . 1 3 . . 1 1 Catastrophic 12 | . 2 . 3 . . . 3 . 1 . 2 . . . . . . . . . . . 1 Database Lockouts . | . . . . . . . . . . . . . . . . . . . . . . . . Manual 87 | . 9 . 28 . 1 . 30 . 3 1 . . . . . . . 2 6 1 . 6 . Terminals 113 | . 8 . 35 . . . 34 6 7 3 1 . . . . . . 2 9 . . 6 2 Fabricators 10 | . . . . . . . . . . . 9 . . . . . . . . . . . 1 Repair Stations 17 | . . . 7 . . . 8 . 2 . . . . . . . . . . . . . . Recycling Units 1 | . 1 . . . . . . . . . . . . . . . . . . . . . . Scanalyzers 13 | . . . . . . . 4 . 7 2 . . . . . . . . . . . . . Garrison Access 1 | . . . . . . . 1 . . . . . . . . . . . . . . . . Terminal Hacks 51 | . 1 . 14 . 5 . 12 3 2 1 . . . 5 . . . . 4 . . 3 1 Record 8 | . . . . . 4 . . . . . . . . 4 . . . . . . . . . Robot Analysis 3 | . 1 . 1 . . . 1 . . . . . . . . . . . . . . . . Prototype ID Bank 5 | . . . 4 . . . 1 . . . . . . . . . . . . . . . . Open Door 2 | . . . . . . . . . . . . . . 1 . . . . 1 . . . . Level Access Points 1 | . . . . . . . . . . . . . . . . . . . . . . 1 . Branch Access Points 1 | . . . 1 . . . . . . . . . . . . . . . . . . . . Emergency Access Points 1 | . . . . . . . . 1 . . . . . . . . . . . . . . . Terminal Index 6 | . . . 1 . . . 1 . . . . . . . . . . . 2 . . 1 1 Repair Station Index 1 | . . . 1 . . . . . . . . . . . . . . . . . . . . Scanalyzer Index 1 | . . . . . . . 1 . . . . . . . . . . . . . . . . Alert Level 7 | . . . 2 . . . 4 . 1 . . . . . . . . . . . . . . Unreport Threat 4 | . . . . . . . 2 . . 1 . . . . . . . . 1 . . . . Locate Traps 3 | . . . 1 . . . 1 . 1 . . . . . . . . . . . . . . Hauler Manifests 2 | . . . 1 . . . 1 . . . . . . . . . . . . . . . . Zone Layout 3 | . . . 2 . . . . . . . . . . . . . . . . . . 1 . Garrison Registry 1 | . . . . . . . . 1 . . . . . . . . . . . . . . . Patrol Navigation 1 | . . . . . . . . 1 . . . . . . . . . . . . . . . Derelict Proto ID Bank 1 | . . . . . 1 . . . . . . . . . . . . . . . . . . Fabricator Hacks 5 | . . . . . . . . . . . 4 . . . . . . . . . . . 1 Network Status 2 | . . . . . . . . . . . 1 . . . . . . . . . . . 1 Load Schematic 2 | . . . . . . . . . . . 2 . . . . . . . . . . . . Build 1 | . . . . . . . . . . . 1 . . . . . . . . . . . . Repair Station Hacks 14 | . . . 6 . . . 6 . 2 . . . . . . . . . . . . . . Scan Component 7 | . . . 3 . . . 3 . 1 . . . . . . . . . . . . . . Repair 7 | . . . 3 . . . 3 . 1 . . . . . . . . . . . . . . Recycling Unit Hacks . | . . . . . . . . . . . . . . . . . . . . . . . . Scanalyzer 12 | . . . . . . . 3 . 7 2 . . . . . . . . . . . . . Insert Component 6 | . . . . . . . 2 . 3 1 . . . . . . . . . . . . . Analyze 6 | . . . . . . . 1 . 4 1 . . . . . . . . . . . . . Garrison Access Hacks 1 | . . . . . . . 1 . . . . . . . . . . . . . . . . Unlock Access 1 | . . . . . . . 1 . . . . . . . . . . . . . . . . Unauthorized Hacks 23 | . 1 . 6 . . . 8 . 2 1 . . . . . . . 1 2 . . 2 . Terminals 22 | . . . 6 . . . 8 . 2 1 . . . . . . . 1 2 . . 2 . Assimilate 1 | . . . . . . . 1 . . . . . . . . . . . . . . . . Botnet 20 | . . . 6 . . . 6 . 2 1 . . . . . . . 1 2 . . 2 . Operators 1 | . . . . . . . 1 . . . . . . . . . . . . . . . . Fabricators . | . . . . . . . . . . . . . . . . . . . . . . . . Repair Stations . | . . . . . . . . . . . . . . . . . . . . . . . . Recycling Units 1 | . 1 . . . . . . . . . . . . . . . . . . . . . . Tunnel 1 | . 1 . . . . . . . . . . . . . . . . . . . . . . Scanalyzers . | . . . . . . . . . . . . . . . . . . . . . . . . Garrison Access . | . . . . . . . . . . . . . . . . . . . . . . . . Data Cores Recovered . | . . . . . . . . . . . . . . . . . . . . . . . . Used . | . . . . . . . . . . . . . . . . . . . . . . . . Hacking Detections 47 | . 4 . 11 . . . 13 3 3 2 3 . . . . . . 1 3 . . 3 1 Full Trace Events 4 | . . . 1 . . . 1 . . . 2 . . . . . . . . . . . . Feedback Events . | . . . . . . . . . . . . . . . . . . . . . . . . Feedback Blocked . | . . . . . . . . . . . . . . . . . . . . . . . . Robot Schematics Acquired . | . . . . . . . . . . . . . . . . . . . . . . . . Robots Built . | . . . . . . . . . . . . . . . . . . . . . . . . Authchips . | . . . . . . . . . . . . . . . . . . . . . . . . Time . | . . . . . . . . . . . . . . . . . . . . . . . . Total Robot Build Rating . | . . . . . . . . . . . . . . . . . . . . . . . . Part Schematics Acquired 5 | . . . . . . . 1 . 3 1 . . . . . . . . . . . . . Parts Built 1 | . . . . . . . . . . . 1 . . . . . . . . . . . . Authchips . | . . . . . . . . . . . . . . . . . . . . . . . . Time 111 | . . . . . . . . . . . 111 . . . . . . . . . . . . Total Part Build Rating 9 | . . . . . . . . . . . 9 . . . . . . . . . . . . Parts Repaired 7 | . . . 3 . . . 3 . 1 . . . . . . . . . . . . . . Time 323 | . . . 108 . . . 115 . 100 . . . . . . . . . . . . . . Parts Recycled . | . . . . . . . . . . . . . . . . . . . . . . . . Recycled Matter . | . . . . . . . . . . . . . . . . . . . . . . . . Retrieved Matter . | . . . . . . . . . . . . . . . . . . . . . . . . Retrieved Components . | . . . . . . . . . . . . . . . . . . . . . . . . Parts Scanalyzed 5 | . . . . . . . 2 . 2 1 . . . . . . . . . . . . . Part Schematics Acquired 5 | . . . . . . . 1 . 3 1 . . . . . . . . . . . . . Parts Damaged 2 | . . . . . . . 2 . . . . . . . . . . . . . . . . Bothacking | -11 -10 -10 -9 -9 -9 -8 -8 -8 -8 -7 -6 -6 -6 -6 -6 -6 -5 -5 -5 -5 -5 -5 -4 ------------ Run | Jun Mat Min Mat Min Exi Min Mat Gar Mat Fac Fac Was Fac Low Low Zio Pro Fac Ext Cet Arc Hub Fac Used RIF Installer . | . . . . . . . . . . . . . . . . . . . . . . . . Robots Hacked 1 | . . . . . . . . . . . . . . . . . . . . . . . 1 Non-combat 1 | . . . . . . . . . . . . . . . . . . . . . . . 1 Combat . | . . . . . . . . . . . . . . . . . . . . . . . . Robot Hacks Applied 1 | . . . . . . . . . . . . . . . . . . . . . . . 1 find_chute 1 | . . . . . . . . . . . . . . . . . . . . . . . 1 Relay Couplers Released . | . . . . . . . . . . . . . . . . . . . . . . . . Fabnet Peak Effective % . | . . . . . . . . . . . . . . . . . . . . . . . . Robots Rewired 12 | . . . . . . . . . . . . . . . . . . . 12 . . . . Allies Hacked . | . . . . . . . . . . . . . . . . . . . . . . . . Hacks Repelled . | . . . . . . . . . . . . . . . . . . . . . . . . Allies | -11 -10 -10 -9 -9 -9 -8 -8 -8 -8 -7 -6 -6 -6 -6 -6 -6 -5 -5 -5 -5 -5 -5 -4 -------- Run | Jun Mat Min Mat Min Exi Min Mat Gar Mat Fac Fac Was Fac Low Low Zio Pro Fac Ext Cet Arc Hub Fac Total Allies 23 | . . 3 . 2 . . . . . . . . . . . . . . 13 5 . . . Largest Group 14 | . . 3 3 2 1 . . . . . . . . . . . . . 13 14 5 4 1 Highest-Rated Group 825 | . . 40 40 42 11 . . . . . . . . . . . . . 499 825 466 370 96 Highest-Rated Ally 159 | . . 16 16 31 11 . . . . . . . . . . . . . 159 151 96 96 96 Total Orders 3 | . . . . . . . . . . . . . . . . . . . . 3 . . . STAY 2 | . . . . . . . . . . . . . . . . . . . . 2 . . . FOLLOW 1 | . . . . . . . . . . . . . . . . . . . . 1 . . . Ally Attacks 243 | . . . 48 13 . . . . . . . . . . . . . . 51 59 26 40 6 Total Damage 6244 | . . . 429 186 . . . . . . . . . . . . . . 1424 1559 755 1705 186 Kills 54 | . . . 11 2 . . . . . . . . . . . . . . 14 13 2 11 1 Allies Corrupted . | . . . . . . . . . . . . . . . . . . . . . . . . Allies Melted . | . . . . . . . . . . . . . . . . . . . . . . . . Intel | -11 -10 -10 -9 -9 -9 -8 -8 -8 -8 -7 -6 -6 -6 -6 -6 -6 -5 -5 -5 -5 -5 -5 -4 ------- Run | Jun Mat Min Mat Min Exi Min Mat Gar Mat Fac Fac Was Fac Low Low Zio Pro Fac Ext Cet Arc Hub Fac Robot Analysis Total 3 | . 1 . 1 . . . 1 . . . . . . . . . . . . . . . . Derelict Logs Recovered 5 | . . 2 . 1 . . . . . . . . . 1 . 1 . . . . . . . Drone Launches . | . . . . . . . . . . . . . . . . . . . . . . . . Drone Recoveries . | . . . . . . . . . . . . . . . . . . . . . . . . Exploration | -11 -10 -10 -9 -9 -9 -8 -8 -8 -8 -7 -6 -6 -6 -6 -6 -6 -5 -5 -5 -5 -5 -5 -4 ------------- Run | Jun Mat Min Mat Min Exi Min Mat Gar Mat Fac Fac Was Fac Low Low Zio Pro Fac Ext Cet Arc Hub Fac Turns Passed 29198 | 63 1225 1247 2971 1726 2364 1438 3031 2601 1085 2012 1334 280 281 713 739 1505 488 351 1215 569 267 329 1364 Spaces Moved 11785 | 42 589 541 1110 719 891 701 1127 927 331 627 424 118 170 392 405 902 286 173 602 176 61 148 323 Core 11 | 11 . . . . . . . . . . . . . . . . . . . . . . . Treads 6549 | . . . . . 49 . 652 927 331 627 256 69 170 392 405 902 286 173 602 176 61 148 323 Legs 155 | 31 124 . . . . . . . . . . . . . . . . . . . . . . Wheels 5070 | . 465 541 1110 719 842 701 475 . . . 168 49 . . . . . . . . . . . Hover . | . . . . . . . . . . . . . . . . . . . . . . . . Flight . | . . . . . . . . . . . . . . . . . . . . . . . . Fastest Speed 50 | 50 95 215 230 230 190 190 190 230 238 242 155 145 160 160 160 160 160 160 160 160 160 160 160 Average Speed 200 | 101 162 215 230 230 220 190 219 235 243 244 210 154 160 160 160 160 160 160 160 169 160 160 160 Slowest Speed 325 | 120 215 215 230 230 320 190 230 238 318 245 325 240 160 160 160 160 160 160 160 240 160 160 160 Overloaded Moves . | . . . . . . . . . . . . . . . . . . . . . . . . Propulsion Burnouts . | . . . . . . . . . . . . . . . . . . . . . . . . Robots Hopped . | . . . . . . . . . . . . . . . . . . . . . . . . Cave-ins Triggered . | . . . . . . . . . . . . . . . . . . . . . . . . Exploration Rate (%) 56 | 4 98 99 95 98 90 98 80 76 32 18 18 71 4 52 59 86 49 7 80 57 62 23 9 Regions Visited 23 Branch Regions 12 Pre-discovered Areas 5 | . 1 1 . 1 1 . . . . . . . . . . 1 . . . . . . . Known Exits Taken 7 | . . . 1 . . . 1 . . . . . . . . . . 1 1 1 1 1 . Unknown Exits Taken 13 | 1 1 1 . 1 1 1 . . 1 1 . . 1 1 1 1 1 . . . . . . Scrap Searched 14 | . . 1 . 4 . 1 . . . . . . . 1 2 2 3 . . . . . . Spaces Dug 54 | . . . . 5 . . . . . 33 3 . . . 8 . . . . . . . 5 Terrain Destroyed 848 | . 9 46 22 54 50 . . 9 80 63 67 . . 2 12 1 2 . 16 4 1 178 232 Melee . | . . . . . . . . . . . . . . . . . . . . . . . . Projectile 146 | . . . . . 17 . . 2 15 17 18 . . . 9 1 2 . 2 4 1 12 46 AOE 687 | . 9 46 22 54 32 . . 7 65 45 42 . . . . . . . 14 . . 165 186 Terrain Rammed . | . . . . . . . . . . . . . . . . . . . . . . . . Walls Destroyed . | . . . . . . . . . . . . . . . . . . . . . . . . Machines Disabled . | . . . . . . . . . . . . . . . . . . . . . . . . Actions | -11 -10 -10 -9 -9 -9 -8 -8 -8 -8 -7 -6 -6 -6 -6 -6 -6 -5 -5 -5 -5 -5 -5 -4 --------- Run | Jun Mat Min Mat Min Exi Min Mat Gar Mat Fac Fac Was Fac Low Low Zio Pro Fac Ext Cet Arc Hub Fac Total 15660 | 54 755 599 1456 775 1147 751 1521 1234 496 917 632 180 179 458 465 956 306 221 821 394 214 198 931 Wait 2185 | 2 69 41 256 38 112 19 227 199 93 125 54 17 4 49 42 35 10 21 115 138 129 32 358 Move 11763 | 41 588 540 1109 718 890 700 1126 924 330 627 424 117 169 391 404 902 285 172 601 175 60 147 323 Hop . | . . . . . . . . . . . . . . . . . . . . . . . . Pick Up 183 | 2 20 1 24 2 20 1 19 12 5 18 14 3 1 . . . 2 5 6 15 . 1 12 Fast Attach 75 | 6 4 . 4 . 5 . 9 2 . 2 5 7 . 1 . 6 . . 2 9 8 . 5 Attach 82 | . 3 . 5 1 9 1 7 8 3 10 8 . 1 . . . 1 2 . 3 . 1 19 Detach 5 | . 1 . . . 1 . . . . . . . . . . . . . . . . . 3 Swap 204 | . 8 3 4 3 17 1 13 11 5 33 22 3 2 6 5 5 2 6 7 7 3 . 38 Drop 178 | . 5 . 18 2 17 1 32 9 4 11 8 11 2 1 . 6 1 3 10 22 8 . 7 Fire 892 | 3 57 14 36 11 70 28 83 59 54 84 97 22 . 10 14 2 5 12 18 25 6 17 165 Melee 10 | . . . . . 6 . . 4 . . . . . . . . . . . . . . . Ram . | . . . . . . . . . . . . . . . . . . . . . . . . Kick . | . . . . . . . . . . . . . . . . . . . . . . . . Crush 17 | . . . . . . . 5 . 2 7 . . . . . . . . 2 . . . 1 Escape Stasis 6 | . . . . . . . . 6 . . . . . . . . . . . . . . . Rewire 60 | . . . . . . . . . . . . . . . . . . . 60 . . . . Trap . | . . . . . . . . . . . . . . . . . . . . . . . . Miscellaneous . | . . . . . . . . . . . . . . . . . . . . . . . . Route ------- -11/Junkyard -10/Materials (discovered 6 exits: *Mat x3 / [*Min x2] / [*Sub]) -10/Mines (discovered 3 exits: *Mat x2 / [*Sub]) -9/Materials (discovered 5 exits: *Mat x3 / *Min / *Sto) -9/Mines (discovered 3 exits: *Mat x2 / *Exi) -9/Exiles -8/Mines (discovered 2 exits: *Mat x2) -8/Materials (discovered 4 exits: *Fac x3 / Gar) -8/Garrison (discovered 3 exits: *Mat x3) -8/Materials -7/Factory (discovered 2 exits: *Fac x2) -6/Factory -6/Waste -6/Factory -6/Lower Caves -6/Lower Caves -6/Zion -5/Proximity Caves -5/Factory (discovered 2 exits: Upp / *Ext) -5/Extension (discovered 3 exits: *Fac x2 / *Cet) -5/Cetus (discovered 2 exits: *Fac / *Arc) -5/Archives -5/Hub_04(d) (discovered 4 exits: *Fac x4) -4/Factory History --------- Turn | Location | Event 3 | -11/Junkyard | Discovered new exit (range 15) 64 | -11/Junkyard | Entered Materials 270 | -10/Materials | Core integrity fell below 50% 302 | -10/Materials | Build established: Mutant 347 | -10/Materials | Discovered new exit (range 5) 526 | -10/Materials | Discovered new exit (range 16) 676 | -10/Materials | Discovered new exit (range 15) 700 | -10/Materials | Derelicts attacked the area 785 | -10/Materials | Discovered new exit (range 15) 1075 | -10/Materials | Discovered new exit (range 5) 1162 | -10/Materials | Discovered new exit (range 5) 1289 | -10/Materials | Entered Mines 1433 | -10/Mines | Found a hidden stash of uninstalled traps 1489 | -10/Mines | Learned Materials security intel 1882 | -10/Mines | Discovered new exit (range 6) 1962 | -10/Mines | Received a Rocket Launcher from a helpful Derelict 1990 | -10/Mines | Discovered new exit (range 11) 2096 | -10/Mines | Discovered new exit (range 14) 2235 | -10/Mines | Assisted by bots powering up and referring to "LRC-V3" 2356 | -10/Mines | Learned location of Zion (-6) 2536 | -10/Mines | Entered Materials 2536 | -9/Materials | Accompanied by 3 allies 2536 | -9/Materials | Evolved 2 slots: Utility x1, Weapon x1 2622 | -9/Materials | Discovered new exit (range 7) 2846 | -9/Materials | Build established: Tank 3274 | -9/Materials | Discovered new exit (range 8) 3299 | -9/Materials | Identified exit to Mines 3299 | -9/Materials | Identified exit to Storage 3919 | -9/Materials | Repaired Med. Armor Plating 3964 | -9/Materials | Repaired Corrupted Hvy. Assault Rifle 4007 | -9/Materials | Discovered new exit (range 14) 5160 | -9/Materials | Discovered new exit (range 17) 5254 | -9/Materials | Repaired Med. Armor Plating 5507 | -9/Materials | Entered Mines 5708 | -9/Mines | Discovered new exit (range 6) 5885 | -9/Mines | Learned Materials emergency access door positions 5936 | -9/Mines | Deemed a non-threat by the Exiles lab entrance 6127 | -9/Mines | Discovered new exit (range 5) 6144 | -9/Mines | Learned location of Storage (-9) 6423 | -9/Mines | A weapon hastily lodged in a ceiling crevice suddenly fell to the ground 7220 | -9/Mines | Discovered new exit (range 5) 7233 | -9/Mines | Entered Exiles 7233 | -9/Exiles | Accompanied by 1 ally 7286 | -9/Exiles | Met 8R-AWN 7328 | -9/Exiles | Met EX-HEX 7440 | -9/Exiles | Met EX-DEC 7560 | -9/Exiles | Discovered new exit (range 10) 7879 | -9/Exiles | Build established: Mutant 8332 | -9/Exiles | Met EX-BIN 8362 | -9/Exiles | Aligned with FarCom system 8364 | -9/Exiles | Given EX-Vault access code 8413 | -9/Exiles | Opened EX-Vault 8461 | -9/Exiles | Warned to stay clear of 0b10 Research branches 8558 | -9/Exiles | Attacked by the Exiles 8720 | -9/Exiles | Destroyed 8R-AWN 8726 | -9/Exiles | Found Prototype Ballistic Gun 8731 | -9/Exiles | Found Prototype Ballistic Gun 8741 | -9/Exiles | Lost 5 parts (1p2n1u1w) 8745 | -9/Exiles | Found Prototype Processor 8753 | -9/Exiles | Found Prototype Protection 8770 | -9/Exiles | Identified 8R-AWN's Boregun (x2) 8776 | -9/Exiles | Found Prototype Device 8777 | -9/Exiles | Identified AS-neutralizer No. 17b 9173 | -9/Exiles | Build established: Scavenger-Mutant 9253 | -9/Exiles | Destroyed EX-HEX 9271 | -9/Exiles | Destroyed EX-BIN 9310 | -9/Exiles | Destroyed EX-DEC 9342 | -9/Exiles | Found Prototype Processor 9374 | -9/Exiles | Found Prototype Device 9374 | -9/Exiles | Identified System Purifier 9597 | -9/Exiles | Entered Mines 9876 | -8/Mines | Build established: Tank 10655 | -8/Mines | Discovered new exit (range 11) 10729 | -8/Mines | Discovered new exit (range 5) 11035 | -8/Mines | Entered Materials 11035 | -8/Materials | Evolved 2 slots: Propulsion x1, Utility x1 11553 | -8/Materials | Build established: Scavenger-Tank 11690 | -8/Materials | Repaired Autogun 12024 | -8/Materials | Discovered new exit (range 15) 12919 | -8/Materials | Build established: Tank 12938 | -8/Materials | Repaired Med. Armor Plating 12991 | -8/Materials | Repaired Imp. Assault Rifle 13096 | -8/Materials | Discovered new exit (range 10) 13650 | -8/Materials | Build established: Scavenger-Tank 13778 | -8/Materials | Identified Exp. Targeting Computer 13778 | -8/Materials | Identified Exp. Core Analyzer 13961 | -8/Materials | Build established: Tank 14041 | -8/Materials | Identified exit to Garrison 14043 | -8/Materials | Discovered new exit (range 15) 14066 | -8/Materials | Entered Garrison 14090 | -8/Garrison | Triggered checkpoint 14399 | -8/Garrison | Triggered checkpoint 14659 | -8/Garrison | Discovered new exit (range 10) 14782 | -8/Garrison | Triggered checkpoint 15075 | -8/Garrison | Triggered checkpoint 15191 | -8/Garrison | Lost 3 parts (1n1u1w) 15250 | -8/Garrison | Discovered new exit (range 10) 15305 | -8/Garrison | Discovered new exit (range 14) 15305 | -8/Garrison | Discovered new exit (range 66) 15305 | -8/Garrison | Discovered new exit (range 69) 15598 | -8/Garrison | Build established: Mutant 15730 | -8/Garrison | Triggered checkpoint 16282 | -8/Garrison | Attempted to access garrison exit controls, blocked by remote lockdown 16472 | -8/Garrison | Attempted to access garrison exit controls, blocked by remote lockdown 16667 | -8/Garrison | Entered Materials 16969 | -8/Materials | Build established: Tank 17067 | -8/Materials | First assault squad dispatched 17164 | -8/Materials | Core integrity fell below 50% 17192 | -8/Materials | Destroyed 9 combat bots 17361 | -8/Materials | Discovered new exit (range 5) 17483 | -8/Materials | Repaired Broken Exp. Targeting Computer? 17752 | -8/Materials | System corruption reached 10% 17752 | -8/Materials | Entered Factory 17752 | -7/Factory | Evolved 2 slots: Propulsion x1, Utility x1 18054 | -7/Factory | Build established: Scavenger-Tank 18162 | -7/Factory | Discovered new exit (range 15) 18412 | -7/Factory | Build established: Scavenger-Gunner 18691 | -7/Factory | Discovered new exit (range 16) 19525 | -7/Factory | Cargo convoy interrupted 19558 | -7/Factory | System corruption reached 10% 19597 | -7/Factory | Lost 7 parts (3n2u2w) 19764 | -7/Factory | Entered another Factory area 19764 | -6/Factory | Evolved 2 slots: Utility x1, Weapon x1 20109 | -6/Factory | Fabricated Exp. Core Analyzer? 20114 | -6/Factory | First assault squad dispatched 20203 | -6/Factory | Garrison activated, responded to threat 20234 | -6/Factory | Destroyed 7 combat bots 20595 | -6/Factory | Destroyed 7 combat bots 20719 | -6/Factory | Lost 4 parts (3n1w) 21098 | -6/Factory | Sucked down chute 21098 | -6/Factory | Entered Waste 21113 | -6/Waste | EMP discharged 21113 | -6/Waste | System corruption reached 10% 21125 | -6/Waste | Spotted C-40 Crusher 21168 | -6/Waste | Spotted C-40 Crusher 21169 | -6/Waste | Spotted C-40 Crusher 21183 | -6/Waste | Destroyed C-40 Crusher 21190 | -6/Waste | Destroyed C-40 Crusher 21192 | -6/Waste | Spotted C-40 Crusher 21200 | -6/Waste | Spotted C-40 Crusher 21204 | -6/Waste | Destroyed C-40 Crusher 21207 | -6/Waste | Destroyed C-40 Crusher 21213 | -6/Waste | EMP discharged 21226 | -6/Waste | Destroyed C-40 Crusher 21277 | -6/Waste | Spotted C-40 Crusher 21286 | -6/Waste | Destroyed C-40 Crusher 21313 | -6/Waste | EMP discharged 21359 | -6/Waste | Discovered new exit (range 13) 21378 | -6/Waste | Entered Factory 21427 | -6/Factory | Discovered new exit (range 8) 21659 | -6/Factory | Entered Lower Caves 21828 | -6/Lower Caves | Learned Research stockpile data 22033 | -6/Lower Caves | Discovered new exit (range 7) 22372 | -6/Lower Caves | Entered another Lower Caves area 22825 | -6/Lower Caves | Encountered a Warlord checkpoint 23025 | -6/Lower Caves | Attracted the attention of an 0b10 checkpoint 23089 | -6/Lower Caves | Discovered new exit (range 13) 23111 | -6/Lower Caves | Entered Zion 23197 | -6/Zion | System corruption cleaned by Quarantine Array 23439 | -6/Zion | Discovered new exit (range 12) 23607 | -6/Zion | Visited the Megawrench Repair Shop 23615 | -6/Zion | Megawrench repaired 10 parts 23930 | -6/Zion | Learned Factory emergency access door positions 24566 | -6/Zion | Attacked by Zionites 24616 | -6/Zion | 99-TNT came to Zion's defense 24616 | -6/Zion | Entered Proximity Caves 24759 | -5/Proximity Caves | Spotter reported a threat 24900 | -5/Proximity Caves | Discovered new exit (range 5) 25104 | -5/Proximity Caves | Entered Factory 25104 | -5/Factory | Evolved 2 slots: Utility x2 25105 | -5/Factory | Identified exit to Upper Caves 25105 | -5/Factory | Identified exit to Extension 25235 | -5/Factory | Garrison activated, responded to threat 25263 | -5/Factory | Found Prototype Launcher 25264 | -5/Factory | Identified Mni. Smartbomb Launcher 25455 | -5/Factory | Entered Extension 25527 | -5/Extension | Rescued A7 25647 | -5/Extension | Energy Cycler disabled 25647 | -5/Extension | Rescued a captive Derelict 25647 | -5/Extension | Rescued a captive Derelict 25647 | -5/Extension | Rescued a captive Derelict 25647 | -5/Extension | Rescued a captive Derelict 25648 | -5/Extension | Rescued a captive Derelict 25648 | -5/Extension | Rescued a captive Derelict 25648 | -5/Extension | Rescued a captive Derelict 25648 | -5/Extension | Rescued a captive Derelict 25650 | -5/Extension | Rescued a captive Derelict 25651 | -5/Extension | Rescued a captive Derelict 25651 | -5/Extension | Rescued a captive Derelict 25652 | -5/Extension | Rescued a captive Derelict 25662 | -5/Extension | Rescued a captive Derelict 25664 | -5/Extension | Rescued a captive Derelict 26121 | -5/Extension | Spotted B-75 Beast 26128 | -5/Extension | Destroyed B-75 Beast 26134 | -5/Extension | Spotted B-75 Beast 26141 | -5/Extension | Destroyed B-75 Beast 26147 | -5/Extension | Discovered new exit (range 12) 26632 | -5/Extension | Discovered new exit (range 10) 26633 | -5/Extension | Discovered new exit (range 6) 26641 | -5/Extension | Identified exit to Cetus 26670 | -5/Extension | Entered Cetus 26670 | -5/Cetus | Accompanied by 13 allies (A7) 26675 | -5/Cetus | Acquired a Cetus Manufacturing Module code from A7 26695 | -5/Cetus | Spotted Cetus Guard 26695 | -5/Cetus | Spotted Cetus Guard 26698 | -5/Cetus | Spotted Cetus Guard 26699 | -5/Cetus | Spotted Cetus Guard 26709 | -5/Cetus | Allies destroyed Cetus Guard 26710 | -5/Cetus | Destroyed Cetus Guard 26712 | -5/Cetus | Allies destroyed Cetus Guard 26716 | -5/Cetus | Allies destroyed Cetus Guard 26805 | -5/Cetus | Build established: Commander-Gunner 26856 | -5/Cetus | Started Cetus Manufacturing Module 26881 | -5/Cetus | Manufactured an Enhanced Grunt 26906 | -5/Cetus | Manufactured an Enhanced Grunt 26931 | -5/Cetus | Manufactured an Enhanced Grunt 26956 | -5/Cetus | Manufactured an Enhanced Grunt 26981 | -5/Cetus | Manufactured an Enhanced Grunt 27010 | -5/Cetus | Destroyed A7 27014 | -5/Cetus | Discovered new exit (range 15) 27021 | -5/Cetus | Found Prototype Protection 27022 | -5/Cetus | Identified Med. Regenerative Plating 27025 | -5/Cetus | Extracted ID and sensor layout for unrecognized location from A7's data core 27073 | -5/Cetus | Spotted Cetus Guard 27073 | -5/Cetus | Spotted Cetus Guard 27076 | -5/Cetus | Spotted Cetus Guard 27085 | -5/Cetus | Destroyed Cetus Guard 27086 | -5/Cetus | Spotted Cetus Guard 27104 | -5/Cetus | Destroyed Cetus Guard 27108 | -5/Cetus | Destroyed Cetus Guard 27115 | -5/Cetus | Destroyed Cetus Guard 27133 | -5/Cetus | Discovered new exit (range 15) 27154 | -5/Cetus | Met Revision 17 27235 | -5/Cetus | Identified exit to Archives 27239 | -5/Cetus | Entered Archives 27239 | -5/Archives | Accompanied by 5 allies 27436 | -5/Archives | Discovered new exit (range 14) 27455 | -5/Archives | Identified exit to Hub_04(d) 27506 | -5/Archives | Entered Hub_04(d) 27506 | -5/Hub_04(d) | Accompanied by 4 allies 27542 | -5/Hub_04(d) | Build established: Scavenger-Gunner 27612 | -5/Hub_04(d) | Identified exit to Factory 27806 | -5/Hub_04(d) | First assault squad dispatched 27822 | -5/Hub_04(d) | Network Hub disabled 27835 | -5/Hub_04(d) | Entered Factory 27835 | -4/Factory | Accompanied by 1 ally 27835 | -4/Factory | Evolved 2 slots: Utility x2 28019 | -4/Factory | Spotted B-86 Titan 28032 | -4/Factory | Allies destroyed B-86 Titan 28117 | -4/Factory | Spotted B-86 Titan 28128 | -4/Factory | First assault squad dispatched 28132 | -4/Factory | Destroyed B-86 Titan 28222 | -4/Factory | Destroyed 11 combat bots 28318 | -4/Factory | Lost 3 parts (1p2w) 28371 | -4/Factory | Garrison activated, responded to threat 28465 | -4/Factory | High security lockdown imminent 28513 | -4/Factory | Destroyed 13 combat bots 28545 | -4/Factory | High security lockdown engaged 28775 | -4/Factory | Destroyed 16 combat bots 28942 | -4/Factory | Destroyed 10 combat bots 29002 | -4/Factory | Destroyed 17 combat bots 29007 | -4/Factory | Lost 4 parts (1p1n2u) 29078 | -4/Factory | Destroyed 8 combat bots 29176 | -4/Factory | System corruption reached 10% 29199 | -4/Factory | Self-destructed Last Messages --------------- 29192_ Extracted 56 matter. 29192_ HV Slug penetrates H-77 Assassin. 29192_ H-77 Assassin suffers critical hit (Destroy). 29192_ Destroyed Hpw. Shotgun. 29192_ HV Slug penetrates P-70 Sage. 29192_ P-70 Sage suffers critical hit (Destroy). 29192_ Destroyed Imp. Remote Datajack. 29194_ HV Slug penetrates P-70 Sage. 29194_ P-70 Sage suffers critical hit (Destroy). 29194_ P-70 Sage destroyed. 29194_ HV Slug penetrates H-77 Assassin. 29194_ H-77 Assassin destroyed. 29194_ Switching to secondary target: G-67 Veteran. 29197_ HV Slug penetrates Earth. 29197_ HV Slug penetrates L-61 Swordsman. 29197_ L-61 Swordsman suffers critical hit (Destroy). 29197_ Destroyed Microactuators. 29197_ Slug penetrates P-70 Sage. 29197_ Railgun destroyed. 29199_ M-36 Artificer repairs G-67 Veteran. Map ----- +----------------------------------------------------+ | ?####?## # ! "## """"""" ? # | | ???##### " # """"""" ? ?# | | ??###### # # """"""" ? # | | ?#?##### # # | | ?####### # """"""" ?# | | ##?##### # ## """"""" # | | ####?##### ## = """"""" "" # | | ?##?##?###### #### # # """"""" ?"# | | #?################### ## S?# | | ##?#########?########### # # # # | | ?#??##########?### !# %%## # # # ##! | | ################## "" = % %" % %! | | ### ### """" !# % *% % ! | | ### ### """ ] % = % %% | | ?## ### """ [ % [ %! | | ?## " # %=[*%=!! % =[ | | ??# !! ### """" %%%##### # ## | | ### !! ### ==# ??? | | ?## ############ g ## """"?? | | #?# ########### #? ""T?? | | ### ########### [ m ### ! ??? | | ### ########### !%ggp ### ? | | ### ########### lp ###? """ "??? | | ### ###### ### """ """? | | #######+#+######## ####? """ "?"? | | ####### @ #?? "" ??? | | ####### #??? ???? "?? | | ####### """" ""% ###?# ? ?? ?? | | ####### """" """ #???# ??????? ? | | #?###?# """" "%% #?????###???#??#? | | #?##### % ######??????#????????? | | ####### """" """ ?#?#?????????????? | | ####### """" %"" % #??????????#?????? | | #####?# """" %"% %% # ???????????????????? | | ####### = ! # ??#??????????????? | | # """" %"%" ##+#####???????????????? | | """ # %"" """" ?##?#????????????????? | | """ # """ """" """" ? ??###? ?????????????? | | """ # "F" #??## ??????????????? | | # " """" """" ? ?#???????????????? | | """ # """ """" """" ? #???????????????? | | """ # """ """" """" + ??????????????? | | """ + ????????????????? | | # ????????????????? | | # ###/################ ????????????????? | | # # ? #?????????????????? | | # # ? # """ ? ????????????????? | | ""T " # # ? # ""? # ????????????????? | | "" " # # # """ ??????????????????? | | # # """" """" # ? ????????????????????? | +----------------------------------------------------+ Best States ------------- Heat Dissipation 81 Energy Generation 25 Energy Capacity 350 Matter Stores 300 Matter Capacity 700 Sight Range 16 Robot Scan Range 16 Terrain Scan Range 20 Terrain Scan Density 210 Armor Coverage 1650 Weapon Cycling 25 Evasion (%) 55 Targeting Accuracy 12 Core Analysis 8 Armor Integrity Analysis 40 Recoil Reduction 4 Salvage Targeting 3 Offensive Hacking 14 Defensive Hacking 10 Item Schematics ----------------- Exp. Targeting Computer | -8/Materials | Scanalyzed Exp. Core Analyzer | -8/Materials | Scanalyzed Adv. Weapon Cycler | -8/Materials | Scanalyzed Lrn. Tractor Beam | -8/Materials | Scanalyzed Hyp. Coil Gun | -7/Factory | Scanalyzed Robot Schematics ------------------ None Fabricated ------------ Exp. Core Analyzer | x1 | -6/Factory Alien Tech Used ----------------- None Achievements -------------- None Challenges ------------ None Game ------ Seed FlyingEtherialChip Manual? 0 Play Time 03:14:38 Cumulative 1835.5 hours Start 2023.11.11 @ 14:40:44 End 2023.11.11 @ 19:20:40 Sessions 1 Manual Loads 0 Difficulty Rogue Special Mode None Game No. 639 Rogue 639 Adventurer 0 Explorer 0 Win Type - Total 143 Types 29/13/64/7/1/2/25/1/1 Lore% 96 Gallery% 96 Achievement% 88 Wizard Run 0 Options --------- ASCII 0 Keyboard 0 Movement Numpad Keybinds 0 Fullscreen 2 Font 18/SmallcapsGlow Map View 76x50 Tactical HUD 1 Map Filters NONE Filters NONE Steam 1 RUN: f115b1b9-9d89-4143-95b4-17ca03f31868